 Dungeon Crawl Stone Soup version 0.20.0-15-g7f486f2 (webtiles) character file.

190 Mellonil the Cudgeler (level 5, 0/51 HPs)
             Began as a Gargoyle Berserker on July 1, 2017.
             Was a Believer of Trog.
             Slain by an ogre
             ... wielding a +0 giant club
              (16 damage)
             ... on level 4 of the Dungeon.
             The game lasted 00:08:48 (2516 turns).

Mellonil the Cudgeler (Gargoyle Berserker)          Turns: 2516, Time: 00:08:48

Health: 0/51       AC: 10    Str: 26    XL:     5   Next: 69%
Magic:  5/5        EV:  7    Int:  8    God:    Trog [**....]
Gold:   94         SH:  7    Dex:  9    Spells: 4/4 levels left

rFire    . . .     SeeInvis .   a - +0 mace
rCold    . . .     Gourm    .   s - +0 shield
rNeg     + . .     Faith    .   i - +0 scale mail
rPois    ∞         Spirit   .   (no helmet)
rElec    +         Reflect  .   (no cloak)
rCorr    .         Harm     .   (no gloves)
MR       .....                  (no boots)
Stlth    ..........             (no amulet)
Regen    0.2/turn               (no ring)
MPRegen  0.1/turn               (no ring)

@: berserking, very quick
A: negative energy resistance 1, electricity resistance, unbreathing,
petrification resistance, rot immunity, AC +4
a: Berserk, Trog's Hand, Burn Spellbooks, Renounce Religion


You were on level 4 of the Dungeon.
You worshipped Trog.
Trog was pleased with you.
You were near starving.

You visited 1 branch of the dungeon, and saw 4 of its levels.

You collected 94 gold pieces.

Inventory:

Hand Weapons
 a - a +0 mace (weapon)
Missiles
 o - 14 bolts
Armour
 i - a +0 scale mail (worn)
 s - a +0 shield (worn)
Jewellery
 f - an uncursed amulet of rage {unknown}
Scrolls
 b - 2 scrolls of noise {unknown}
 e - a scroll of enchant armour {unknown}
 h - a scroll of enchant weapon {unknown}
 m - a scroll of blinking {unknown}
 p - a scroll of remove curse {unknown}
 q - 2 scrolls of recharging {unknown}
 t - 4 scrolls of identify {unknown}
Potions
 g - 3 potions of curing {unknown}
 j - a potion of heal wounds {unknown}
 k - a potion of resistance {unknown}
 l - a potion of lignification {unknown}
Comestibles
 c - 2 bread rations
 d - 3 meat rations
 n - a royal jelly
 r - 4 fruits


   Skills:
 + Level 4.4 Fighting
 + Level 4.5 Maces & Flails
 + Level 3.3 Armour
 + Level 2.0 Dodging
 + Level 0.8 Stealth


You had 4 spell levels left.
You didn't know any spells.

Dungeon Overview and Level Annotations

Branches:
Dungeon (4/15)
 Temple: D:4-7

Altars:
Dithmenos
Okawaru


Innate Abilities, Weirdness & Mutations

You are resistant to torment.
Your stone body is resilient. (AC +4)
You are immune to poison.
You resist negative energy. (rN+)
You are resistant to electric shocks. (rElec)
You can survive without breathing.
You are immune to petrification.
You are immune to rotting.


Message History

The hound barely misses you.
The hound pauses to sniff the ground.
The hound bites you but does no damage.
You sock the hound!
You kill the hound!
Trog accepts your kill.
An ogre comes into view. It is wielding a giant club.
The ogre shouts!
You see here a hound corpse.
You butcher the hound corpse.
The ogre hits you with a giant club!
Ouch! That really hurt!
You see here 2 chunks of flesh.
Eat one of 2 chunks of flesh? (ye/n/q)
Okay, then.
Unknown command.
A red film seems to cover your vision as you go berserk!
You feel yourself moving faster!
You feel mighty!
You are near starving!
The ogre hits you with a giant club!
You die...

###### ###......
######### #.......
#.......# #......
#.......# #....#####
#.......# #.........
##.......# ##....?....
.........# #..@.......
.........# #.##O......
.........#####.# .......
.........##....# .......
....#######....#########
...................
..#########....#.... ..#
#....#....# ..## ####.#
...#


You could see an ogre.

Vanquished Creatures
  A hound (D:4)
  5 adders
  4 gnolls (D:2)
  3 worms
  5 dart slugs
  A leopard gecko (D:1)
  2 ball pythons
  9 bats
  3 giant cockroaches
  3 goblins
  6 hobgoblins
  4 jackals (D:3)
  A quokka (D:4)
  A frilled lizard (D:3)
  6 kobolds
  7 rats
61 creatures vanquished.

Notes
Turn   | Place    | Note
-------+----------+-------------------------------------------
     0 | D:1      | Mellonil the Gargoyle Berserker began the quest for the Orb.
     0 | D:1      | Reached XP level 1. HP: 14/14 MP: 1/1
   166 | D:1      | Reached XP level 2. HP: 19/19 MP: 2/2
   697 | D:1      | Reached XP level 3. HP: 22/23 MP: 3/3
   888 | D:2      | Reached ** piety under Trog
   927 | D:2      | Reached XP level 4. HP: 20/29 MP: 4/4
  1188 | D:2      | Found a shadowy altar of Dithmenos.
  1419 | D:2      | Reached XP level 5. HP: 16/34 MP: 5/5
  1625 | D:2      | You fall through a shaft for 2 floors!
  1976 | D:3      | Found an iron altar of Okawaru.
  2514 | D:4      | Noticed an ogre
  2516 | D:4      | Slain by an ogre

Skill      XL: |  1  2  3  4  5 |
---------------+----------------+-----
Fighting       | 4 |  4.4
Maces & Flails | 4 |  4.5
Dodging        | 2 |  2.0
Armour         | 3 |  3.3
Stealth        | |  0.8

Action                   |  1- 3 |  4- 6 || total
-------------------------+-------+-------++-------
Melee: Mace              |    82 |   158 ||   240
Invok: Berserk           |     1 |     1 ||     2
  Eat: Chunk             |       |     6 ||     6
Armor: Animal skin       |    13 |       ||    13
       Scale mail        |    20 |   120 ||   140
Dodge: Dodged            |    53 |   106 ||   159
Block: Shield            |       |     6 ||     6
